 Dungeon Crawl Stone Soup version 0.27-a0-380-g150de4c316 (webtiles) character file.

Game seed: 4570521103516510770

6239 sahdkjhfkaj the Grappler (level 10, -9/107 HPs)
             Began as a Troll Berserker on Feb 17, 2021.
             Was a High Priest of Trog.
             Mangled by an elephant (19 damage)
             ... on level 10 of the Dungeon.
             The game lasted 00:09:04 (7521 turns).

sahdkjhfkaj the Grappler (Troll Berserker)          Turns: 7521, Time: 00:09:05

Health: -9/107     AC:  4    Str: 30    XL:     10   Next: 62%
Magic:  0/9        EV:  9    Int:  3    God:    Trog [*****.]
Gold:   392        SH: 13    Dex:  9    Spells: 9/9 levels left

rFire    . . .     SeeInvis .     - Unarmed
rCold    . . .     Faith    .   F - +2 kite shield
rNeg     . . .     Spirit   +   a - +0 animal skin
rPois    .         Reflect  .   (helmet restricted)
rElec    .         Harm     .   (no cloak)
rCorr    .         Rampage  .   (gloves unavailable)
Will     .....                  (boots unavailable)
Stlth    +.........             b - amulet of guardian spirit
HPRegen  1.27/turn              (no ring)
MPRegen  0.11/turn              (no ring)

@: about to teleport
A: large, unfitting armour, claws 3, regeneration 1, shaggy fur 1, tough skin 1
a: Renounce Religion, Berserk, Trog's Hand, Brothers in Arms


You were on level 10 of the Dungeon.
You worshipped Trog.
Trog was extremely pleased with you.
You visited 1 branch of the dungeon, and saw 10 of its levels.

You collected 392 gold pieces.

Inventory:

Missiles
 D - a throwing net {!f}
Armour
 a - a +0 animal skin (worn)
 F - a +2 kite shield (worn)
Jewellery
 b - an amulet of guardian spirit (around neck)
 n - an amulet of reflection {unknown}
 p - an amulet of magic regeneration {unknown}
 v - a ring of poison resistance {unknown}
 w - a +6 ring of intelligence {unknown}
 C - a ring of fire {unknown}
 E - an amulet of the acrobat {unknown}
 H - a ring of resist corrosion {unknown}
 I - an amulet of reflection {unknown}
 K - a +4 ring of evasion {unknown}
Wands
 m - a wand of digging (6) {@v1}
 t - a wand of polymorph (26)
 y - a wand of flame (21)
Scrolls
 d - 3 scrolls of enchant armour
 e - 3 scrolls of fear {unknown}
 g - a scroll of magic mapping {unknown}
 h - 3 scrolls of blinking {@r4}
 i - 3 scrolls of fog
 j - a scroll of immolation {unknown}
 o - 2 scrolls of amnesia {unknown}
 r - a scroll of noise {unknown}
 B - a scroll of enchant weapon {unknown}
 G - 3 scrolls of identify {@r1}
Potions
 c - 2 potions of might {@q4}
 f - 2 potions of invisibility
 k - 2 potions of flight {unknown}
 l - 2 potions of lignification
 q - a potion of degeneration {unknown}
 s - 4 potions of curing {unknown}
 u - 2 potions of heal wounds {unknown}
 x - 3 potions of haste {@q3}
 z - a potion of mutation {unknown}
 J - a potion of magic {unknown}
 L - a potion of berserk rage {unknown}
 M - a potion of experience {unknown}


   Skills:
 - Level 9.0 Fighting
 - Level 2.4 Dodging
 + Level 6.9 Shields
 - Level 10.0 Unarmed Combat


You had 9 spell levels left.
You didn't know any spells.
Your spell library was empty.

Dungeon Overview and Level Annotations

Branches:
Dungeon (10/15)            Temple (0/1) D:5            Lair (0/6) D:10
    Orc: D:9-12

Altars:
Ashenzari
Dithmenos
Elyvilon
Fedhas
Kikubaaqudgha
Okawaru
Qazlal
Ru
Trog
Uskayaw
Vehumet
Yredelemnul
Zin

Annotations:
D:7 2 transporters, ardl's ghost, novice DgFE


Innate Abilities, Weirdness & Mutations

You are too large for most types of armour.
You have claws for hands.
Your natural rate of healing is unusually fast.
You are covered in fur. (AC +1)
You have tough skin. (AC +1)


Message History

You are too injured to fight recklessly!
There are monsters nearby!
You are too injured to fight recklessly!
There are monsters nearby!
You are too injured to fight recklessly!
There are monsters nearby!
You are too injured to fight recklessly!
Unknown command.
As you read the scroll of teleportation {@r3}, it crumbles to dust.
You feel strangely unstable. The elephant barely misses you.
The elephant trunk-slaps you but does no damage.
You block the orc's attack. The ice beast barely misses you.
You block the basilisk's attack. The orc closely misses you.
Unknown command.
Okay, then.
You mangle the basilisk!!
The basilisk is heavily wounded.
The orc warrior misses you. You block the ice beast's attack.
You block the elephant's attack. x2; You block the orc's attack.
The basilisk bites you! The orc barely misses you.
Unknown command.
You barely miss the basilisk.
The basilisk is heavily wounded.
You block the elephant's attack. x2; The ice beast barely misses you.
The orc warrior hits you with a +0 battleaxe!
* * * LOW HITPOINT WARNING * * *
The basilisk bites you!
* * * LOW HITPOINT WARNING * * *
The orc barely misses you.
Okay, then.
Unknown command.
You block the orc's attack. The elephant closely misses you.
The elephant trunk-slaps you.
* * * LOW HITPOINT WARNING * * *
The ice beast barely misses you. You block the basilisk's attack.
The orc barely misses you. The orc warrior barely misses you.
You block the orc's attack.
The ice beast hits you but does no damage.
The elephant tramples you!!
You die...

...............#
..............# #
##...........# ##.
#...........# ...#
#...........#### ....##
#............... ......#
+...............
......o##...†#########..
......o@#....# #..
.>...oYYl....# #..
.....ooh.....# #..
.......#....## #..
......##....# #.. ....##
#....# #.. ..## .....#
.. .# #...... #..#####


You could see an elephant, a basilisk, an orc warrior, a black bear, an ice
beast and 4 orcs.

Vanquished Creatures
  2 boulder beetles
  A slime creature (D:9)
  Sigmund (D:3)
  A wyvern (D:10)
  4 water moccasins
  2 orc warriors
  2 sky beasts
  2 ice beasts
  4 ogres
  6 centaurs
  3 phantoms
  Blork the orc (D:5)
  6 bullfrogs
  3 scorpions
  3 killer bees (D:9)
  4 wights (D:7)
  A howler monkey (D:4)
  A hound (D:9)
  3 bullfrog zombies
  2 centaur zombies
  7 orc priests
  2 jellies (D:9)
  A gnoll shaman (D:5)
  7 iguanas
  7 orc wizards
  9 worker ants
  Ijyb (D:3)
  A howler monkey zombie (D:8)
  A worker ant zombie (D:7)
  10 adders
  5 gnolls
  4 white imps
  2 oozes
  4 ufetubi
  2 adder skeletons (D:9)
  5 worms
  5 dart slugs
  5 leopard geckos
  37 orcs
  A ball python (D:6)
  6 giant cockroaches
  7 goblins
  11 hobgoblins
  9 jackals
  3 quokkas
  4 bats
  5 frilled lizards
  7 kobolds
  A leopard gecko zombie (D:7)
  9 rats
230 creatures vanquished.

Vanquished Creatures (collateral kills)
  A shadow (D:9)
1 creature vanquished.

Vanquished Creatures (others)
  A leopard gecko (D:3)
  An orc (D:3)
  A quokka (D:3)
  3 plants
6 creatures vanquished.

Grand Total: 237 creatures vanquished

Notes
Turn   | Place    | Note
-------+----------+-------------------------------------------
     0 | D:1      | sahdkjhfkaj the Troll Berserker began the quest for the
                  | Orb.
     0 | D:1      | Reached XP level 1. HP: 22/22 MP: 0/0
   213 | D:1      | Reached XP level 2. HP: 26/29 MP: 1/1
   264 | D:1      | Reached skill level 4 in Unarmed Combat
   414 | D:1      | Reached XP level 3. HP: 36/36 MP: 2/2
   622 | D:2      | Reached ** piety under Trog
   793 | D:2      | Reached XP level 4. HP: 45/45 MP: 3/3
   922 | D:3      | Found a radiant altar of Vehumet.
   943 | D:3      | Reached skill level 5 in Unarmed Combat
  1078 | D:3      | Noticed Ijyb
  1084 | D:3      | Killed Ijyb
  1085 | D:3      | Reached XP level 5. HP: 53/53 MP: 4/4
  1138 | D:3      | Found an iron altar of Okawaru.
  1156 | D:3      | Noticed Sigmund
  1166 | D:3      | Killed Sigmund
  1167 | D:3      | Reached XP level 6. HP: 62/62 MP: 3/5
  1229 | D:3      | Found a glowing silver altar of Zin.
  1414 | D:4      | Reached skill level 6 in Unarmed Combat
  1597 | D:3      | Found a white marble altar of Elyvilon.
  1850 | D:4      | Reached *** piety under Trog
  2096 | D:4      | Reached skill level 7 in Unarmed Combat
  2102 | D:4      | Reached XP level 7. HP: 49/70 MP: 4/6
  2513 | D:5      | Entered Level 5 of the Dungeon
  2518 | D:5      | Reached skill level 5 in Fighting
  2601 | D:5      | Noticed Blork the orc
  2609 | D:5      | Killed Blork the orc
  2631 | D:5      | Found a blossoming altar of Fedhas.
  2641 | D:5      | Reached skill level 8 in Unarmed Combat
  2837 | D:5      | Reached **** piety under Trog
  2838 | D:5      | Reached XP level 8. HP: 80/80 MP: 7/7
  2931 | D:5      | Found a staircase to the Ecumenical Temple.
  3680 | D:6      | Reached skill level 9 in Unarmed Combat
  3719 | D:6      | Found a shadowy altar of Dithmenos.
  3875 | D:6      | Found a basalt altar of Yredelemnul.
  3902 | D:6      | Found a stormy altar of Qazlal.
  4191 | D:6      | Reached XP level 9. HP: 93/93 MP: 8/8
  4370 | D:7      | Found an ancient bone altar of Kikubaaqudgha.
  4380 | D:7      | Got a polished longbow
  4380 | D:7      | Identified the +8 longbow "Brush" {venom, +Blink rPois
                  | Int+2} (You found it on level 7 of the Dungeon)
  4475 | D:7      | Reached skill level 10 in Unarmed Combat
  4585 | D:7      | Noticed ardl's ghost (novice DgFE)
  4586 | D:7      | Noticed a troll
  4588 | D:7      | Found a bloodstained altar of Trog.
  4597 | D:7      | Found a transporter.
  4599 | D:7      | Noticed a moth of wrath
  4605 | D:7      | Found a transporter.
  4801 | D:7      | Reached ***** piety under Trog
  5500 | D:8      | Found a hide-covered altar of Uskayaw.
  6103 | D:9      | Reached skill level 1 in Shields
  6527 | D:9      | Reached XP level 10. HP: 96/107 MP: 5/9
  6657 | D:9      | Noticed a boulder beetle
  6788 | D:9      | Killed a boulder beetle
  6789 | D:9      | Reached skill level 5 in Shields
  7025 | D:9      | Found a broken altar of Ashenzari.
  7190 | D:9      | Found a sacrificial altar of Ru.
  7287 | D:9      | Noticed a moth of wrath
  7290 | D:9      | Found a bloodstained altar of Trog.
  7452 | D:10     | Entered Level 10 of the Dungeon
  7493 | D:10     | Noticed a boulder beetle
  7502 | D:10     | Killed a boulder beetle
  7506 | D:10     | Found a staircase to the Lair.
  7506 | D:10     | Noticed an elephant
  7521 | D:10     | Mangled by an elephant

Illustrated notes

Levels and vault maps discovered:
D:1:      tarquinn_simple_flora_water_f, layout_rooms, corexii_corridor_pit
D:2:      layout_rooms
D:3:      layout_loops_ring, elyvilon_altar_4, fiery_altar_vehumet,
          zin_scriptorium, lemuel_crystal_altar, uniq_ijyb, uniq_sigmund
D:4:      layout_rooms, kennysheep_generic_room_13
D:5:      layout_loops_ring, fedhas_ov_isle_minmay, minmay_temple_entry_mist,
          minmay_curled_crystal, uniq_blork_the_orc
D:6:      layout_basic, grunt_dithmenos_smoke_and_mirrors,
          kennysheep_little_box, overflow_temple_1_default, roderic_lattice_a,
          patterned_corridor
D:7:      layout_basic, kiku_gazebo_pond_becter,
          gammafunk_ghost_wrathful_warriors
D:8:      layout_loops_corners, lemuel_crystal_altar
D:9:      minmay_the_grid_octo_2x2 [minmay_the_grid_octo_clover_2,
          minmay_the_grid_octo_clover, minmay_the_grid_octo_toaster,
          minmay_the_grid_octo_prize_star], layout_stronghold, tgw_trog,
          nicolae_ru_the_path_less_chosen, nicolae_ashenzari_panopticon
D:10:     layout_irregular_city, david_lair_generic, lemuel_altar_in_water,
          uniq_joseph

Skill      XL: |  1  2  3  4  5  6  7  8  9 10 |
---------------+-------------------------------+-----
Unarmed Combat | 4 5 7 8 9 10 | 10.0
Fighting       | 3 4 5 7 9 |  9.0
Shields        | 3 6 |  6.9
Dodging        | |  2.4

Action                   |  1- 3 |  4- 6 |  7- 9 | 10-12 || total
-------------------------+-------+-------+-------+-------++-------
Melee: Unarmed           |    97 |   108 |   310 |   105 ||   620
       Punch             |       |       |    14 |       ||    14
Invok: Berserk           |       |     3 |     1 |     1 ||     5
       Trog's Hand       |       |     1 |       |     1 ||     2
       Brothers in Arms  |       |       |       |     2 ||     2
  Use: Scroll            |       |     3 |     4 |     1 ||     8
Armor: Animal skin       |    28 |    22 |    53 |    10 ||   113
Dodge: Dodged            |    45 |    48 |    86 |    44 ||   223
Block: Kite shield       |       |       |    31 |    66 ||    97

Table legend: (Time is in decaauts)
 A = Elapsed time spent in this place.
 B = Non-inter-level travel time spent in this place.
 C = Inter-level travel time spent in this place.
 D = Time resting spent in this place.
 E = Time spent auto-exploring this place.
 F = Levels seen in this place.
 G = Mean time per level.
                   A        B        C        D        E       F      G
               +--------+--------+--------+--------+--------+-----+--------+
         Total |   7511 |   7243 |    268 |    152 |   5841 |  10 |  751.1 |
       Dungeon |   7511 |   7243 |    268 |    152 |   5841 |  10 |  751.1 |
               +--------+--------+--------+--------+--------+-----+--------+

Top non-repeatable levels by time:
     D:9: 1458 daAuts
     D:6: 1036 daAuts
     D:8: 985 daAuts
     D:3: 922 daAuts
     D:5: 825 daAuts
     D:4: 683 daAuts
     D:7: 618 daAuts
     D:1: 579 daAuts
     D:2: 333 daAuts
    D:10: 67 daAuts
